 Dungeon Crawl Stone Soup version 0.18-a0-1572-g0a86841 (webtiles) character file.

23 namelastname112 the Insei (level 2, -3/26 HPs)
             Began as a Draconian Monk on Mar 15, 2016.
             Was a Believer of Okawaru.
             Killed from afar by Sigmund (8 damage)
             ... with a magic dart
             ... on level 2 of the Dungeon.
             The game lasted 00:01:24 (1096 turns).

namelastname112 the Insei (Draconian Monk)          Turns: 1096, Time: 00:01:24

Health: -3/26      AC:  4    Str: 13    XL:     2   Next: 72%
Magic:  0/2        EV: 16    Int: 10    God:    Okawaru [**....]
Gold:   89         SH:  0    Dex: 13    Spells: 0 memorised, 1 level left

rFire  . . .     SeeInvis .       - Unarmed
rCold  . . .     Gourm    .     (armour unavailable)
rNeg   . . .     Faith    .     (no shield)
rPois  .         Spirit   .     (helmet restricted)
rElec  .         Dismiss  .     (no cloak)
rCorr  .         Reflect  .     (no gloves)
SustAt .         Harm     .     (no boots)
MR     .....                    (no amulet)
Stlth  +++.......               (no ring)
                                (no ring)

@: heroism, not resistant to hostile enchantments, fairly stealthy
A: unfitting armour, cold-blooded, AC +4
a: Heroism, Renounce Religion


You were on level 2 of the Dungeon.
You worshipped Okawaru.
Okawaru was pleased with you.
You were hungry.

You visited 1 branch of the dungeon, and saw 3 of its levels.

You collected 89 gold pieces.

Inventory:

Scrolls
 b - 2 scrolls of identify {unknown}
 c - 2 scrolls of magic mapping {unknown}
Potions
 d - a potion of degeneration {unknown}
 e - a potion of resistance {unknown}
Comestibles
 a - a bread ration
 f - a slice of pizza


   Skills:
 - Level 3.2(8.2) Fighting
 - Level 2.6(7.6) Dodging
 - Level 1.7(6.7) Stealth
 + Level 4.8(9.8) Unarmed Combat


You had one spell level left.
You didn't know any spells.

Dungeon Overview and Level Annotations

Branches:
Dungeon (3/15)

Altars:
Okawaru

Annotations:
D:2 Sigmund


Innate Abilities, Weirdness & Mutations

Your plain brown scales are hard (AC +4).
Your body does not fit into most forms of armour.
You are cold-blooded and may be slowed by cold attacks.


Message History

You start resting.
HP restored.
You start waiting.
You are feeling hungry.
You fail to use your ability.
You climb upwards.
Level annotation: Sigmund Sigmund hits you from afar with a scythe!
There is a stone staircase leading down, spattered with blood here.
You gain the combat prowess of a mighty hero.
You feel slightly more hungry. Sigmund barely misses you.
Sigmund hits you with a scythe!
Ouch! That really hurt!
* * * LOW HITPOINT WARNING * * *
You hit Sigmund but do no damage. You punch Sigmund! Your punch misses Sigmund.
Sigmund is moderately wounded.
Sigmund gestures at you while chanting. The magic dart hits you!
You die...

..........................#
#.........................#
..........................#
.......>#..........((....##
........###......##.....##
........###.###....(....#
.................#......#
........### #..>........#
........#.....##@#.....##
###.......... #@.)†....##
...........###(........#
...##..%....#.........# ..
#......(....# #
...###.........#
................#
###.............#
......#.........#


You could see Sigmund.

Vanquished Creatures
  An ooze (D:1)
  A giant gecko (D:2)
  2 bats
  A giant cockroach (D:2)
  4 goblins (D:1)
  A hobgoblin (D:1)
  3 kobolds
  3 rats
16 creatures vanquished.

Notes
Turn   | Place    | Note
--------------------------------------------------------------
     0 | D:1      | namelastname112 the Draconian Monk began the quest for the Orb.
     0 | D:1      | Reached XP level 1. HP: 19/19 MP: 1/1
   221 | D:1      | Reached XP level 2. HP: 26/26 MP: 2/2
   409 | D:1      | Found an iron altar of Okawaru.
   468 | D:1      | Became a worshipper of Warmaster Okawaru
   468 | D:1      | Reached * piety under Okawaru
   468 | D:1      | Reached ** piety under Okawaru
   932 | D:2      | Noticed Sigmund
  1096 | D:2      | Killed from afar by Sigmund

Vault maps used:
D:1:      saegor_arrival_miasma, okawaru_ov_weapons_minmay
D:2:      overflow_temple_1_default, lemuel_blue_sif_altar, uniq_sigmund
D:3:      first_bread, serial_undead, serial_undead_c, serial_undead_b,
          serial_undead_c, serial_undead_d, serial_undead_a, serial_undead_e

Action                   || total
-------------------------++-------
Melee: Unarmed           ||    51
Invok: Heroism           ||     1
